 Dungeon Crawl Stone Soup version 0.24.0-123-gd5b16e6ec5 (webtiles) character file.

Game seed: 5708026569508874984, levelgen mode: deterministic

198 Delamore the Chopper (level 5, -10/45 HPs)
             Began as a Hill Orc Fighter on Dec 22, 2019.
             Killed from afar by Dowan (23 damage)
             ... with a shard of ice
             ... on level 4 of the Dungeon.
             The game lasted 00:02:01 (3190 turns).

Delamore the Chopper (Hill Orc Fighter)             Turns: 3190, Time: 00:02:01

Health: -10/45     AC:  8    Str: 20    XL:     5   Next: 77%
Magic:  5/5        EV:  7    Int:  8    God:
Gold:   135        SH:  9    Dex: 10    Spells: 4/4 levels left

rFire    . . .     SeeInvis .   a - +0 war axe
rCold    . . .     Gourm    .   c - +0 shield
rNeg     . . .     Faith    .   b - +0 scale mail
rPois    .         Spirit   .   (no helmet)
rElec    .         Reflect  .   (no cloak)
rCorr    .         Harm     .   (no gloves)
MR       +....                  (no boots)
Stlth    ..........             (no amulet)
HPRegen  0.15/turn              q - ring of protection from magic
MPRegen  0.09/turn              j - +2 ring of protection

@: no status effects
A: no striking features
a: no special abilities


You were on level 4 of the Dungeon.
You were not hungry.

You visited 1 branch of the dungeon, and saw 4 of its levels.

You collected 135 gold pieces.

Inventory:

Hand Weapons
 a - a +0 war axe (weapon)
Armour
 b - a +0 scale mail (worn)
 c - a +0 shield (worn)
Jewellery
 i - a +3 ring of strength
 j - a +2 ring of protection (right hand)
 q - a ring of protection from magic (left hand)
Scrolls
 g - 2 scrolls of enchant armour {unknown}
 h - 3 scrolls of identify {unknown}
 n - 3 scrolls of teleportation {unknown}
 o - a scroll of immolation {unknown}
Potions
 d - a potion of might
 e - 3 potions of haste {unknown}
 k - a potion of agility {unknown}
 l - 3 potions of curing {unknown}
 m - a potion of brilliance {unknown}
Comestibles
 f - 3 rations


   Skills:
 - Level 3.6 Fighting
 + Level 7.7 Axes
 - Level 3.2 Armour
 - Level 3.2 Shields


You had 4 spell levels left.
You didn't know any spells.
Your spell library was empty.

Dungeon Overview and Level Annotations

Branches:
Dungeon (4/15)
 Temple: D:4-7

Altars:
Cheibriados
Nemelex Xobeh
Vehumet
Wu Jian
Zin

Annotations:
D:4 Dowan


Message History

You hit Duvessa.
You kill Duvessa!
Dowan's eyes darken. "You have made a black mistake."
Dowan seems to find hidden reserves of power!
Your Axes skill increases to level 7!
You have reached level 5!
You feel stronger.
You slash Dowan!
Dowan mumbles some strange words.
Dowan blinks!
Dowan points at you and mumbles some strange words.
The shard of ice hits you!
* * * LOW HITPOINT WARNING * * *
A quokka skeleton comes into view.
Found a lumpy grey potion.
Dowan shakes with grief.
Dowan gestures at you while chanting. The shard of ice hits you!!
Ouch! That really hurt!
You die...

....>.... #.......!.
#.........
#.........
#......... .#
##ยง........ ...
#####.).....Z..
....##..#...#e......
#......!....@.......
#...............####
.................#
.................##
..................#
...........<......#
..................#
......%..........#.
...................


You could see Dowan and a quokka skeleton.

Vanquished Creatures
  Duvessa (D:4)
  A hound (D:2)
  2 adders (D:2)
  A worm (D:3)
  3 leopard geckos
  2 bats
  3 giant cockroaches
  9 goblins
  6 hobgoblins
  2 jackals (D:1)
  6 kobolds
  4 quokkas
  2 ball pythons
  A frilled lizard (D:3)
  6 rats
49 creatures vanquished.

Notes
Turn   | Place    | Note
-------+----------+-------------------------------------------
     0 | D:1      | Delamore the Hill Orc Fighter began the quest for the Orb.
     0 | D:1      | Reached XP level 1. HP: 19/19 MP: 1/1
    69 | D:1      | Reached skill level 3 in Axes
   168 | D:1      | Reached XP level 2. HP: 26/26 MP: 2/2
   324 | D:1      | Reached skill level 4 in Axes
  1196 | D:2      | Reached XP level 3. HP: 26/31 MP: 3/3
  1280 | D:2      | Reached skill level 5 in Axes
  1699 | D:2      | Reached skill level 6 in Axes
  1699 | D:2      | Reached XP level 4. HP: 31/39 MP: 4/4
  2209 | D:3      | Found a radiant altar of Vehumet.
  2483 | D:3      | Found a snail-covered altar of Cheibriados.
  2489 | D:3      | Found a glowing silver altar of Zin.
  2674 | D:3      | Found an ornate altar of the Wu Jian Council.
  2686 | D:3      | Found a sparkling altar of Nemelex Xobeh.
  3177 | D:4      | Noticed Dowan
  3178 | D:4      | Noticed Duvessa
  3188 | D:4      | Killed Duvessa
  3188 | D:4      | Reached skill level 7 in Axes
  3188 | D:4      | Reached XP level 5. HP: 25/45 MP: 5/5
  3190 | D:4      | Killed from afar by Dowan

Levels and vault maps discovered:
D:1:      minmay_arrival_four_circles, layout_basic, hangedman_decor_opposing
D:2:      layout_basic, lemuel_flame_loot_1
D:3:      layout_basic, vehumet_crystals, zin_academy,
          amethyst_overflow_temple_binary, first_ration, cheibriados_altar_1
D:4:      layout_layer_cave, kennysheep_mini, uniq_menkaure, uniq_duvessa

Skill      XL: |  1  2  3  4 |
---------------+-------------+-----
Axes           | 3 4 6 7 |  7.7
Fighting       | |  3.6
Armour         | |  3.2
Shields        | |  3.2

Action                   |  1- 3 |  4- 6 || total
-------------------------+-------+-------++-------
Melee: War axe           |   106 |    59 ||   165
  Eat: Chunk             |     2 |     3 ||     5
       Ration            |       |     1 ||     1
Armor: Scale mail        |    36 |    31 ||    67
Dodge: Dodged            |    32 |    14 ||    46
Block: Shield            |    60 |    22 ||    82
